 Dungeon Sprint DCSS version 0.19.1 (webtiles) character file.

873 dvd the Protected (level 7, 0/74 HPs)
             Began as a Minotaur Fighter on Dec 23, 2016.
             Was an Initiate of Okawaru.
             Slain by a hellwing (13 damage)
             ... summoned by a kobold demonologist
             ... in the Dungeon (Sprint I: "Red Sonja").
             The game lasted 00:01:50 (603 turns).

dvd the Protected (Minotaur Fighter)                 Turns: 603, Time: 00:01:52

Health: 0/74       AC: -10   Str: 27    XL:     7   Next: 74%
Magic:  6/6        EV:  9    Int:  5    God:    Okawaru [......]
Gold:   315        SH: 12    Dex: 10    Spells: 0 memorised, 6 levels left

rFire  . . .     SeeInvis .     a - +1 war axe
rCold  . . .     Gourm    .     b - +0 scale mail
rNeg   . . .     Faith    .     c - +0 shield
rPois  .         Spirit   .     (helmet restricted)
rElec  .         Reflect  .     (no cloak)
rCorr  .         Harm     .     (no gloves)
MR     .....     NoTele   +     (no boots)
Stlth  ..........               (no amulet)
                                (no ring)
                                (no ring)

@: mighty, corroded
A: retaliatory headbutt, horns 2
a: Renounce Religion


You were in the Dungeon.
You worshipped Okawaru.
Okawaru was noncommittal.
You were not hungry.

You visited 1 branch You collected 405 gold pieces.
You spent 90 gold pieces at shops.

Inventory:

Hand Weapons
 a - a +1 war axe (weapon)
Armour
 b - a +0 scale mail (worn)
 c - a +0 shield (worn)
Wands
 l - a wand of flame (25/48)
Scrolls
 k - a scroll of blinking
 m - a scroll of brand weapon {unknown}
Potions
 e - a potion of curing
 g - a potion of heal wounds
 h - a potion of haste
 i - 2 potions of magic
 j - a potion of berserk rage
Comestibles
 f - a bread ration


   Skills:
 + Level 11.0 Fighting
 + Level 8.8 Axes
 + Level 11.7 Armour
 + Level 10.7 Shields


You had 6 spell levels left.
You didn't know any spells.

Dungeon Overview and Level Annotations

Branches:
Dungeon (1/1)

Altars:
Cheibriados
Dithmenos
Elyvilon
Fedhas
Gozag
Hepliaklqana
Kikubaaqudgha
Makhleb
Nemelex Xobeh
Okawaru
Qazlal
Ru
Sif Muna
Trog
Uskayaw
Vehumet
Xom
Yredelemnul
Zin
The Shining One
Jiyva
Lugonu

Shops:
D *


Innate Abilities, Weirdness & Mutations

You reflexively headbutt those who attack you in melee.
You have a pair of horns on your head.


Message History

You block the hellwing's attack. The hellwing hits you. The white imp hits you.
The white imp freezes you.
* * * LOW HITPOINT WARNING * * *
You closely miss the kobold demonologist.
The kobold demonologist is lightly wounded.
You hit the white imp but do no damage. You hit the hellwing.
The kobold demonologist hits you with a dagger.
* * * LOW HITPOINT WARNING * * *
You block the hellwing's attack. The hellwing closely misses you.
The white imp hits you.
* * * LOW HITPOINT WARNING * * *
The white imp freezes you.
* * * LOW HITPOINT WARNING * * *
You hit the kobold demonologist but do no damage.
Your headbutt misses the kobold demonologist.
The kobold demonologist is lightly wounded.
You hit the hellwing but do no damage. You hit the white imp but do no damage.
The kobold demonologist barely misses you.
The hellwing hits you!
You die...

######################
..').#..'..#__#.5K5.G#
..#..)..#..'..'4@#
####'#####'#__####
###..#...#.####
__####..##[#
_____##'#..+
_.∩...'..._#
_..__##_.#+#
_____###+# ######


You could see a hellwing, a kobold demonologist, a floating eye, a quasit and a
white imp.

Vanquished Creatures
  A kobold demonologist (D)
  A slime creature (D)
  Sigmund (D)
  A yak (D)
  An ogre (D)
  A jelly (D)
  Ijyb (D)
7 creatures vanquished.

Notes
Turn   | Place    | Note
-------+----------+-------------------------------------------
     0 | D        | dvd the Minotaur Fighter began the quest for the Orb.
     0 | D        | Reached XP level 1. HP: 19/19 MP: 0/0
     2 | D        | Noticed Ijyb
     6 | D        | Killed Ijyb
     6 | D        | Reached skill level 5 in Fighting
     6 | D        | Reached skill level 5 in Armour
     6 | D        | Reached skill level 5 in Shields
     6 | D        | Reached XP level 2. HP: 20/29 MP: 1/1
   103 | D        | Noticed an ogre
   105 | D        | Killed an ogre
   105 | D        | Reached XP level 3. HP: 39/39 MP: 2/2
   105 | D        | Reached XP level 4. HP: 47/47 MP: 3/3
   114 | D        | Noticed Sigmund
   133 | D        | Killed Sigmund
   133 | D        | Reached skill level 5 in Axes
   133 | D        | Reached XP level 5. HP: 53/56 MP: 4/4
   133 | D        | Reached XP level 6. HP: 59/62 MP: 5/5
   238 | D        | Found a deep blue altar of Sif Muna.
   240 | D        | Found a radiant altar of Vehumet.
   262 | D        | Found Mikemmec's General Store.
   262 | D        | Found an ancient bone altar of Kikubaaqudgha.
   262 | D        | Found a hazy altar of Hepliaklqana.
   262 | D        | Found a hide-covered altar of Uskayaw.
   262 | D        | Found a basalt altar of Yredelemnul.
   262 | D        | Found an opulent altar of Gozag.
   262 | D        | Found a snail-covered altar of Cheibriados.
   262 | D        | Found a sacrificial altar of Ru.
   262 | D        | Found a shadowy altar of Dithmenos.
   262 | D        | Noticed a yak
   270 | D        | Killed a yak
   270 | D        | Reached skill level 10 in Armour
   271 | D        | Found a stormy altar of Qazlal.
   271 | D        | Found a blossoming altar of Fedhas.
   271 | D        | Found a bloodstained altar of Trog.
   271 | D        | Found an iron altar of Okawaru.
   271 | D        | Found a glowing golden altar of the Shining One.
   271 | D        | Found a glowing silver altar of Zin.
   271 | D        | Found a white marble altar of Elyvilon.
   274 | D        | Found a sparkling altar of Nemelex Xobeh.
   278 | D        | Bought a scroll of enchant weapon for 90 gold pieces
   385 | D        | Found a viscous altar of Jiyva.
   385 | D        | Found a corrupted altar of Lugonu.
   385 | D        | Noticed a slime creature
   386 | D        | Found a burning altar of Makhleb.
   386 | D        | Found a shimmering altar of Xom.
   393 | D        | Killed a slime creature
   393 | D        | Reached skill level 10 in Fighting
   393 | D        | Reached skill level 10 in Shields
   393 | D        | Reached XP level 7. HP: 35/73 MP: 6/6
   408 | D        | Became a worshipper of Warmaster Okawaru
   575 | D        | Noticed a kobold demonologist
   577 | D        | Noticed a kobold demonologist
   582 | D        | Noticed a rust devil
   588 | D        | Killed a kobold demonologist
   594 | D        | Noticed a rust devil
   597 | D        | Noticed a hellwing
   603 | D        | Slain by a hellwing

Skill      XL: |  1  2  3  4  5  6  7 |
---------------+----------------------+-----
Fighting       | 5 7 8 10 11 | 11.0
Axes           | 3 4 5 7 8 |  8.8
Armour         | 5 7 9 11 | 11.7
Shields        | 5 6 8 10 | 10.7

Action                   |  1- 3 |  4- 6 |  7- 9 || total
-------------------------+-------+-------+-------++-------
Melee: War axe           |     6 |    26 |    25 ||    57
       Headbutt          |     2 |     6 |     5 ||    13
  Use: Potion            |       |     1 |     1 ||     2
       Scroll            |       |     1 |       ||     1
Armor: Scale mail        |       |     4 |     5 ||     9
Dodge: Dodged            |     1 |     2 |     5 ||     8
Block: Shield            |     1 |     7 |    15 ||    23
